 Dungeon Crawl Stone Soup version 0.19-a0-831-gce7da8b (webtiles) character file.

179 matakusis the Ducker (level 5, -4/41 HPs)
             Began as a Demonspawn Gladiator on June 30, 2016.
             Slain by a river rat (7 damage)
             ... in a sewer.
             The game lasted 00:08:13 (2112 turns).

matakusis the Ducker (Demonspawn Gladiator)         Turns: 2112, Time: 00:08:14

Health: -4/41      AC:  5    Str: 15    XL:     5   Next: 33%
Magic:  5/5        EV: 14    Int:  9    God:
Gold:   114        SH:  0    Dex: 15    Spells: 0 memorised, 4 levels left

rFire  + . .     SeeInvis .     a - +0 war axe
rCold  . . .     Gourm    .     b - +0 leather armour
rNeg   . . .     Faith    .     (no shield)
rPois  .         Spirit   .     c - +1 helmet
rElec  .         Dismiss  .     (no cloak)
rCorr  .         Reflect  .     (no gloves)
SustAt .         Harm     .     (no boots)
MR     +....                    (no amulet)
Stlth  +.........               h - ring of protection from magic
                                n - ring of protection from fire

@: somewhat resistant to hostile enchantments, very unstealthy
A: claws 1, rot immunity
a: no special abilities


You were in a sewer.
You were very hungry.

You visited 1 branch of the dungeon, and saw 3 of its levels.
You also visited: Sewer.

You collected 114 gold pieces.

Inventory:

Hand Weapons
 a - a +0 war axe (weapon)
Missiles
 d - 3 throwing nets (quivered)
Armour
 b - a +0 leather armour (worn)
 c - a +1 helmet (worn)
Jewellery
 h - a ring of protection from magic (right claw)
 n - a ring of protection from fire (left claw)
 t - an uncursed ring of fire
Wands
 g - a wand of disintegration (7/24)
 o - a wand of polymorph (7/24)
Scrolls
 j - 5 scrolls of identify
 k - a scroll of immolation
 m - a scroll of remove curse
 p - a scroll of teleportation
Potions
 e - a potion of might
 q - a potion of degeneration {unknown}
Comestibles
 f - 2 bread rations
 l - a meat ration


   Skills:
 * Level 3.0 Fighting
 + Level 3.3 Axes
 - Level 1.7 Throwing
 + Level 1.8 Armour
 * Level 4.1 Dodging


You had 4 spell levels left.
You didn't know any spells.

Dungeon Overview and Level Annotations

Branches:
Dungeon (3/15)

Altars:
Gozag
Nemelex Xobeh
Pakellas
Qazlal
Sif Muna


Innate Abilities, Weirdness & Mutations

You have sharp fingernails.
You are immune to rotting.


Message History

The river rat is moderately wounded.
You closely miss the rat. The rat closely misses you.
The river rat bites you but does no damage.
The rat misses you. The river rat closely misses you.
You barely miss the river rat.
The river rat is moderately wounded.
You slash the rat!
You kill the rat!
The river rat bites you!
* * * LOW HITPOINT WARNING * * *
You closely miss the river rat.
The river rat is moderately wounded.
You slash the rat!
You kill the rat!
The river rat bites you.
* * * LOW HITPOINT WARNING * * *
You barely miss the river rat.
The river rat is moderately wounded.
The river rat barely misses you. The river rat bites you!
You die...

###
#.#
#.#
#.#
#.#
#∩#
#†#
#@#
#r#
#r#
#.#
#.#
#.#
#.#
#≈#


You could see a river rat and a rat.

Vanquished Creatures
  The ghost of sergedm the Conjurer, an amateur DECj (D:3)
  A gnoll (D:3)
  A river rat (D:3)
  2 adders (D:2)
  2 oozes
  2 worms
  2 dart slugs (D:2)
  2 giant geckos (D:1)
  An orc (D:3)
  A ball python (D:3)
  4 bats
  6 giant cockroaches
  6 goblins
  4 hobgoblins
  6 kobolds
  2 quokkas
  4 giant newts
  10 rats
57 creatures vanquished.

Notes
Turn   | Place    | Note
--------------------------------------------------------------
     0 | D:1      | matakusis the Demonspawn Gladiator began the quest for the Orb.
     0 | D:1      | Reached XP level 1. HP: 16/16 MP: 1/1
   299 | D:1      | Reached skill level 3 in Dodging
   321 | D:1      | Gained mutation: You are immune to rotting. [demonic ancestry]
   321 | D:1      | Reached XP level 2. HP: 19/22 MP: 2/2
   937 | D:2      | Gained mutation: You have sharp fingernails. [demonic ancestry]
   937 | D:2      | Reached XP level 3. HP: 19/28 MP: 3/3
  1203 | D:2      | Found a sparkling altar of Nemelex Xobeh.
  1209 | D:2      | Reached skill level 1 in Armour
  1291 | D:2      | Found an opulent altar of Gozag.
  1406 | D:2      | Found a deep blue altar of Sif Muna.
  1538 | D:2      | Found an oddly glowing altar of Pakellas.
  1538 | D:2      | Found a stormy altar of Qazlal.
  1609 | D:3      | Reached XP level 4. HP: 27/34 MP: 4/4
  1717 | D:3      | Noticed sergedm's ghost (amateur DECj)
  1735 | D:3      | Killed sergedm's ghost
  1735 | D:3      | Reached XP level 5. HP: 18/40 MP: 5/5
  1946 | D:3      | Reached skill level 4 in Dodging
  2073 | D:3      | Found a glowing drain.
  2101 | Sewer    | Entered a sewer
  2112 | Sewer    | Slain by a river rat

Vault maps used:
D:1:      roderic_octagonal_star
D:2:      lemuel_doored_altar, lemuel_blue_sif_altar,
          gammafunk_temple_overflow_elements, grunt_gozag_statues
D:3:      nicolae_overflow_hidden_temple, portal_sewer_entry_b
Sewer:    sewer_kobolds

Skill      XL: |  1  2  3  4  5 |
---------------+----------------+-----
Dodging        | 3 4 |  4.1
Axes           | 3 |  3.3
Armour         | 1 |  1.8
Fighting       | 3 |  3.0
Throwing       | |  1.7

Action                   |  1- 3 |  4- 6 || total
-------------------------+-------+-------++-------
Melee: War axe           |    99 |    65 ||   164
  Use: Scroll            |     8 |       ||     8
       Potion            |       |     3 ||     3
 Stab: Sleeping          |       |     1 ||     1
  Eat: Chunk             |     2 |     1 ||     3
Armor: Leather armour    |    30 |    21 ||    51
Dodge: Dodged            |    77 |    74 ||   151
